 Dungeon Crawl Stone Soup version 0.31.0-1-g2c135a008e (webtiles) character file.

Game seed: 15068750222823004846

317 qw the Shooter (level 6, 0/46 HPs)
             Began as a Djinni Hunter on Jan 23, 2024.
             Slain by Duvessa
             ... wielding a +0 rapier
              (9 damage)
             ... on level 4 of the Dungeon.
             The game lasted 00:00:10 (3506 turns).

qw the Shooter (Djinni Hunter)                      Turns: 3506, Time: 00:00:11

Health: 0/46       AC:  5    Str: 10    XL:     6   Next: 74%
Gold:   133        EV: 12    Int: 11    God:
                   SH:  0    Dex: 18

rFire   + + .        a - +1 shortbow
rCold   x . .        (shield currently unavailable)
rNeg    . . .        f - +0 ring mail
rPois   inf          (no helmet)
rElec   .            (no cloak)
rCorr   .            (no gloves)
SInv    .            (boots unavailable)
Will    .....        (no amulet)
Stlth   +            (no ring)
HPRegen 0.27/turn    (no ring)
MPRegen 0.00/turn

%: infuse magic (-1 HP)
@: about to teleport, flying
A: sickness immunity, fire resistance 2, cold vulnerability 1, float, innate
caster, HP casting, extra vitality 1
a: no special abilities


You were on level 4 of the Dungeon.
You visited 1 branch of the dungeon, and saw 4 of its levels.

You collected 133 gold pieces.


Innate Abilities, Weirdness & Mutations

You are immune to sickness and miasma.
You are immune to poison.
Your flesh is very heat resistant. (rF++)
You are vulnerable to cold. (rC-)
You float through the air rather than walking.
You learn spells naturally, not from books.
Your magical power is your life essence.
You have superior vitality. (+4 MHP)


   Skills:
 + Level 3.5 Fighting
 - Level 5.0 Ranged Weapons
 - Level 1.1 Armour
 - Level 3.9 Dodging
 - Level 0.7 Stealth


You knew the following spells:

 Your Spells              Type           Power      Damage    Failure   Level
a - Foxfire               Conj/Fire      0%         2x1d4     65%         1
b - Mercury Vapours       Alch/Air       0%         N/A       80%         2
Your spell library was empty.

Inventory:

Hand Weapons
 a - a +1 shortbow (weapon)
Armour
 f - a +0 ring mail (worn)
Scrolls
 b - a scroll of teleportation
Potions
 c - a potion of cancellation
 d - a potion of enlightenment
 e - a potion of lignification {unknown}
 g - a potion of brilliance {unknown}
 h - a potion of might {unknown}
 i - a potion of haste {unknown}
 j - 2 potions of curing {unknown}
 k - a potion of invisibility {unknown}
 n - a potion of ambrosia {unknown}

Dungeon Overview and Level Annotations

Branches:
Dungeon (4/15)
 Temple: D:4-7

Altars:

Annotations:
D:4 Dowan, Duvessa


Message History

Duvessa says, "When magic and the sword combine, nothing stands against them."
The hound bites you.
You shoot an arrow. The arrow hits the hound.
The hound is moderately wounded.
The hound barely misses you.
You shoot an arrow. The arrow hits the hound.
The hound is heavily wounded.
The hound bites you. x2
You shoot an arrow. The arrow closely misses the hound.
The arrow closely misses Duvessa.
The hound closely misses you. The hound bites you but does no damage.
You shoot an arrow. The arrow closely misses the hound.
The arrow hits Duvessa.
Duvessa is lightly wounded.
The hound barely misses you. The hound bites you.
You shoot an arrow. The arrow barely misses the hound.
The arrow hits Duvessa!
Duvessa is heavily wounded.
The hound closely misses you.
Dowan casts a spell at Duvessa.
Duvessa seems to speed up.
The hound bites you.
You shoot an arrow. The arrow hits the hound!
You kill the hound!
Duvessa hits you with a +0 rapier.
Dowan mumbles some strange words.
Dowan blinks!
You shoot an arrow. The arrow barely misses Duvessa.
Duvessa hits you with a +0 rapier. Duvessa closely misses you.
You shoot an arrow. The arrow closely misses Duvessa.
Duvessa hits you with a +0 rapier! Duvessa completely misses you.
You shoot an arrow. The arrow hits Duvessa.
Duvessa is heavily wounded.
Duvessa hits you with a +0 rapier! Duvessa hits you with a +0 rapier.
3505 ||| READING 2 scrolls of teleportation.
As you read the scroll of teleportation, it crumbles to dust.
You feel strangely unstable. Duvessa closely misses you.
You shoot an arrow.
The arrow hits Duvessa but does no damage.
Duvessa is heavily wounded.
Duvessa hits you with a +0 rapier!
You die...

### #.. # #.. .#
#.. ..# ##).####..
..).... #.e.# #e#
#. ... #@# #. ...
#.# ##.# #... #.#
##..# #.)#. #.#
##..####..##.
#.####....##..###.
#..##........###..
#............##..#
#.....#####...).##
##...## ###....#


You could see Duvessa (fast) and Dowan.

Vanquished Creatures
  An ogre (D:4)
  2 hounds
  Jessica (D:2)
  Natasha (twice) (D:2 D:1)
  An orc wizard (D:3)
  2 adders
  A dart slug (D:2)
  2 ribbon worms (D:3)
  5 orcs
  3 bats (D:3)
  An endoplasm (D:1)
  A giant cockroach (D:3)
  5 goblins
  2 hobgoblins (D:3)
  7 jackals (D:3)
  8 kobolds
  2 quokkas (D:1)
  6 ball pythons
  4 frilled lizards
  3 rats
59 creatures vanquished.

Notes
Turn   | Place    | Note
-------+----------+-------------------------------------------
     0 | D:1      | qw the Djinni Hunter began the quest for the Orb.
     0 | D:1      | Reached XP level 1. HP: 18/18 MP: 0/0
     0 | D:1      | 0 ||| qw: Version: 0.3-a-135-gb77e89d
     0 | D:1      | 0 ||| qw: Game counter: 906
     0 | D:1      | 0 ||| qw: Melee chars always use a shield: true
     0 | D:1      | 0 ||| qw: God list: Okawaru
     0 | D:1      | 0 ||| qw: Allow faded altars: false
     0 | D:1      | 0 ||| qw: Do Orc after clearing Dungeon:15 true
     0 | D:1      | 0 ||| qw: Do second Lair branch before Depths: true
     0 | D:1      | 0 ||| qw: Lair rune preference: random
     0 | D:1      | 0 ||| qw: Goals: Normal
     0 | D:1      | 0 ||| PLANNING D:1-11
    79 | D:1      | HP: 3/18 [quokka (4)]
   163 | D:1      | Reached XP level 2. HP: 15/23 MP: 0/0
   873 | D:1      | 873 ||| UPGRADING to +0 ring mail.
   883 | D:1      | 883 ||| DROPPING +0 leather armour.
   884 | D:1      | 884 ||| READING scroll labelled OPIAQOL GEJA.
   884 | D:1      | 884 ||| IDENTIFYING 2 fuming ruby potions
   885 | D:1      | 885 ||| READING scroll labelled LAGEGA HAENUBO.
   986 | D:1      | 986 ||| DROPPING scroll of butterflies.
  1048 | D:2      | Noticed Jessica
  1055 | D:2      | 1055 ||| FLEEEEING.
  1057 | D:2      | 1057 ||| FLEEEEING.
  1063 | D:2      | Killed Jessica
  1064 | D:2      | Reached skill level 4 in Ranged Weapons
  1064 | D:2      | Reached XP level 3. HP: 22/28 MP: 0/0
  1064 | D:2      | Learned a level 1 spell: Foxfire
  1405 | D:2      | Reached skill level 1 in Armour
  1405 | D:2      | Reached XP level 4. HP: 33/33 MP: 0/0
  1639 | D:2      | Noticed Natasha
  1648 | D:2      | Killed Natasha
  1778 | D:2      | Noticed Natasha
  1780 | D:2      | 1780 ||| FLEEEEING.
  1781 | D:2      | 1781 ||| FLEEEEING.
  1782 | D:2      | 1782 ||| FLEEEEING.
  1783 | D:2      | 1783 ||| FLEEEEING.
  1784 | D:2      | 1784 ||| FLEEEEING.
  1786 | D:2      | 1786 ||| FLEEEEING.
  1787 | D:2      | 1787 ||| FLEEEEING.
  1788 | D:2      | 1788 ||| FLEEEEING.
  1789 | D:2      | 1789 ||| STAIRDANCE
  1844 | D:1      | 1844 ||| READING 2 scrolls labelled MAPSYG OQOYSIG.
  1906 | D:2      | 1906 ||| STAIRDANCE
  1911 | D:1      | Killed Natasha
  1912 | D:1      | Reached skill level 3 in Fighting
  1912 | D:1      | Reached XP level 5. HP: 35/40 MP: 0/0
  1912 | D:1      | Learned a level 2 spell: Mercury Vapours
  2013 | D:3      | Noticed a glass eye
  2020 | D:3      | Found a faded altar of an unknown god.
  2023 | D:3      | Noticed an eye of devastation
  2023 | D:3      | Noticed a golden eye
  2023 | D:3      | Noticed a golden eye
  2057 | D:3      | 2057 ||| FLEEEEING.
  2074 | D:3      | 2074 ||| FLEEEEING.
  2119 | D:3      | 2119 ||| FLEEEEING.
  2602 | D:3      | Reached skill level 5 in Ranged Weapons
  2690 | D:3      | Reached XP level 6. HP: 46/46 MP: 0/0
  3212 | D:3      | 3212 ||| READING scroll of identify.
  3212 | D:3      | 3212 ||| IDENTIFYING black potion
  3213 | D:3      | 3213 ||| READING scroll labelled PENIAB NETZY.
  3295 | D:3      | 3295 ||| READING scroll labelled CAC KIASIR XAUKEST.
  3295 | D:3      | 3295 ||| ENCHANTING +0 shortbow.
  3296 | D:3      | 3296 ||| READING scroll labelled ZAADGH NOIBO.
  3297 | D:3      | 3297 ||| DRINKING 2 puce potions.
  3328 | D:4      | Noticed an ogre
  3330 | D:4      | 3330 ||| STAIRDANCE
  3342 | D:4      | HP: 7/46 [ogre/+0 giant spiked club (17)]
  3343 | D:4      | 3343 ||| READING 3 scrolls of teleportation.
  3344 | D:4      | 3344 ||| DRINKING 2 potions of heal wounds.
  3347 | D:4      | 3347 ||| DRINKING potion of heal wounds.
  3437 | D:4      | Killed an ogre
  3438 | D:4      | Reached skill level 3 in Dodging
  3491 | D:4      | Noticed Duvessa
  3493 | D:4      | 3493 ||| RETREEEEATING.
  3494 | D:4      | Noticed Dowan
  3504 | D:4      | HP: 11/46 [Duvessa/+0 rapier (7)]
  3505 | D:4      | 3505 ||| READING 2 scrolls of teleportation.
  3506 | D:4      | Slain by Duvessa

Levels and vault maps discovered:
D:1:      denvon_arrival_planthouse, layout_basic
D:2:      layout_basic, uniq_jessica, uniq_natasha
D:3:      layout_basic, hellmonk_ecumenical_altar_watching_god
D:4:      layout_layer_cave, minmay_temple_entry_fiery, uniq_duvessa

Skill      XL: |  1  2  3  4  5  6 |
---------------+-------------------+-----
Ranged Weapons | 4 5 |  5.0
Armour         | 1 |  1.1
Fighting       | 3 |  3.5
Dodging        | 3 |  3.9
Stealth        | |  0.7

Action                     |  1- 3 |  4- 6 || total
---------------------------+-------+-------++-------
   Fire: Shortbow          |    71 |   180 ||   251
    Use: Scroll            |     2 |     7 ||     9
         Potion            |       |     3 ||     3
 Armour: Leather armour    |    17 |       ||    17
         Ring mail         |     3 |   108 ||   111
  Dodge: Dodged            |    11 |    77 ||    88

Table legend:
 A = Non-vault XP
 B = Vault XP
 C = Vault XP percentage of total XP
 D = Non-vault monster count
 E = Vault monster count
 F = Vault count percentage of total count
                 A         B        C        D         E       F
            +---------+---------+-------+---------+---------+-------
      Total |     382 |      72 |  15.9 |      57 |       2 |   3.4
            +---------+---------+-------+---------+---------+-------
        D:1 |      55 |       0 |   0.0 |      16 |       0 |   0.0
        D:2 |      20 |      72 |  78.3 |       5 |       2 |  28.6
        D:3 |     143 |       0 |   0.0 |      28 |       0 |   0.0
        D:4 |     164 |       0 |   0.0 |       8 |       0 |   0.0
            +---------+---------+-------+---------+---------+-------
